 Dungeon Crawl Stone Soup version 0.27.1-2-g3b301248ec (webtiles) character file.

Game seed: 7258526911876821356

10966 Borgoz the Fighter (level 11, 0/102 HPs)
             Began as a Hill Orc Berserker on Sept 22, 2021.
             Was an Elder of Trog.
             Slain by a yak (6 damage)
             ... on level 1 of the Lair of Beasts.
             The game lasted 00:14:16 (13063 turns).

Borgoz the Fighter (Hill Orc Berserker)            Turns: 13063, Time: 00:14:17

Health: 0/102      AC: 13    Str: 21    XL:     11   Next: 70%
Magic:  11/11      EV: 14    Int:  7    God:    Trog [****..]
Gold:   546        SH:  0    Dex: 13    Spells: 10/10 levels left

rFire    . . .     SeeInvis .   x - +0 long sword
rCold    + . .     Faith    .   (no shield)
rNeg     . . .     Spirit   .   E - +0 acid dragon scales
rPois    .         Reflect  .   (no helmet)
rElec    .         Harm     .   g - +2 cloak
rCorr    +         Rampage  .   c - +0 pair of gloves
Will     +....                  (no boots)
Stlth    +.........             D - amulet of the acrobat
HPRegen  0.27/turn              n - ring of willpower
MPRegen  0.12/turn              p - ring of protection from cold

@: on berserk cooldown, slowed, very slow
A: no striking features
a: Renounce Religion, Berserk, Trog's Hand, Brothers in Arms


You were on level 1 of the Lair of Beasts.
You worshipped Trog.
Trog was greatly pleased with you.
You visited 2 branches of the dungeon, and saw 13 of its levels.

You collected 546 gold pieces.

Inventory:

Hand Weapons
 x - a +0 long sword (weapon)
Missiles
 w - a throwing net (quivered)
Armour
 c - a +0 pair of gloves (worn)
 g - a +2 cloak (worn)
 E - +0 acid dragon scales (worn)
Jewellery
 n - a ring of willpower (left hand)
 p - a ring of protection from cold (right hand)
 q - a ring of resist corrosion
 r - a ring of ice
 s - a +6 ring of intelligence
 B - the ring of Zusih {Wiz Drain rN++ Str+5}
   (You found it on level 6 of the Dungeon)

   [ring of wizardry]

   It improves your spell success rate.
   Str:       It affects your strength (+5).
   rN:        It greatly protects you from negative energy.
   Drain:     It drains your maximum health when unequipped.
 D - an amulet of the acrobat (around neck)
Wands
 b - a wand of paralysis (5)
 m - a wand of flame (18)
 t - a wand of digging (2)
 G - a wand of acid (10)
Scrolls
 d - 2 scrolls of enchant armour
 e - 3 scrolls of blinking
 f - a scroll of torment {unknown}
 h - a scroll of brand weapon
 j - a scroll of summoning
 l - 8 scrolls of teleportation {unknown}
 u - 3 scrolls of amnesia {unknown}
 v - 2 scrolls of enchant weapon
 y - a scroll of fear {unknown}
Potions
 a - a potion of resistance
 i - a potion of attraction
 k - a potion of mutation {unknown}
 o - 2 potions of degeneration {unknown}
 z - 2 potions of haste
 A - a potion of magic
 C - a potion of might
 F - a potion of curing


   Skills:
 + Level 11.3 Fighting
 + Level 10.5 Long Blades
 + Level 10.2 Armour
 + Level 7.8 Dodging


You had 10 spell levels left.
You didn't know any spells.
Your spell library was empty.

Dungeon Overview and Level Annotations

Branches:
Dungeon (12/15)            Temple (0/1) D:4            Lair (1/6) D:11
    Orc (0/2) D:11

Altars:
Fedhas
Hepliaklqana
Kikubaaqudgha
Makhleb
Okawaru
Uskayaw
Xom
The Shining One


Message History

The yak misses you. The yak gores you.
* * * LOW HITPOINT WARNING * * *
The blink frog hits you but does no damage.
The yak barely misses you.
You riposte.
You slice the yak!!
The yak is heavily wounded.
You miss the blink frog.
The blink frog is almost dead.
The yak misses you.
The blink frog blinks!
The yak gores you but does no damage. The yak gores you.
* * * LOW HITPOINT WARNING * * *
The blink frog blinks!
You slash the yak!
The yak is severely wounded.
The yak misses you.
You riposte.
You hit the yak.
The yak is severely wounded.
You hit the yak.
The yak is severely wounded.
The blink frog blinks!
The yak closely misses you.
You riposte.
You hit the yak but do no damage.
The yak is severely wounded.
The yak gores you.
* * * LOW HITPOINT WARNING * * *
The yak closely misses you.
You barely miss the yak.
The yak is severely wounded.
You are no longer berserk.
You are exhausted.
You feel yourself slow down.
The blink frog blinks!
The yak gores you but does no damage. x2; The blink frog closely misses you.
The yak gores you.
* * * LOW HITPOINT WARNING * * *
The yak barely misses you.
You hit the yak.
The yak is severely wounded.
The yak gores you.
* * * LOW HITPOINT WARNING * * *
The yak gores you.
* * * LOW HITPOINT WARNING * * *
The yak gores you.
You die...

.........##
####..>...###
##......####
#.......#
#.......#.#
#.......#
###.......#
#.......#
#.P.....##
#.......#
###......####
#......##
##........##
##....>FF.#
#.....Y@##
##...§YYYY.....
##....YYY.....
###..........
##..F......
##P.......
##.......
#......


You could see 8 yaks and 3 blink frogs.

Vanquished Creatures
  2 two-headed ogres
  Pikel (D:4)
  A deep elf pyromancer (D:10)
  3 centaur zombies
  An unseen horror (D:11)
  2 kobold demonologists (D:10)
  4 trolls
  A komodo dragon (D:6)
  Sigmund (D:5)
  A meliai zombie (D:10)
  A wraith (D:10)
  A wyvern (D:8)
  5 yaks
  2 steam dragons
  Edmund (D:5)
  2 acid dragons
  3 water moccasins
  A hornet zombie (D:9)
  An ice beast (D:6)
  5 ogres
  3 black bears
  5 centaurs
  5 orc warriors
  A phantom (D:5)
  4 kobold brigands
  3 bullfrogs
  6 scorpions
  A wyvern zombie (D:8)
  A wyvern skeleton (D:4)
  5 killer bees (D:9)
  3 howler monkeys
  4 hounds
  3 jellies
  4 orc priests
  A bullfrog skeleton (D:6)
  A gnoll shaman (D:6)
  6 orc wizards
  A centaur skeleton (D:7)
  An iguana (D:5)
  A hound skeleton (D:4)
  3 gnolls (D:6)
  A howler monkey skeleton (D:3)
  An adder (D:4)
  A shadow imp (D:7)
  3 white imps
  2 dart slugs
  17 orcs
  8 ball pythons
  4 bats
  2 endoplasms
  A giant cockroach (D:1)
  11 goblins
  5 hobgoblins
  10 jackals
  2 quokkas (D:1)
  4 frilled lizards
  16 kobolds
  A rat (D:2)
190 creatures vanquished.

Vanquished Creatures (collateral kills)
  A yak (D:11)
  A scorpion (D:11)
2 creatures vanquished.

Vanquished Creatures (others)
  37 fungi (D:11)
  41 plants (D:11)
78 creatures vanquished.

Grand Total: 270 creatures vanquished

Notes
Turn   | Place    | Note
-------+----------+-------------------------------------------
     0 | D:1      | Borgoz the Hill Orc Berserker began the quest for the Orb.
     0 | D:1      | Reached XP level 1. HP: 19/19 MP: 1/1
    86 | D:1      | Reached XP level 2. HP: 17/27 MP: 2/2
   420 | D:1      | Reached skill level 4 in Fighting
   426 | D:1      | Reached XP level 3. HP: 33/33 MP: 3/3
   522 | D:1      | Reached ** piety under Trog
  1115 | D:2      | Noticed an ogre
  1121 | D:2      | Killed an ogre
  1122 | D:2      | Reached XP level 4. HP: 33/41 MP: 4/4
  1122 | D:2      | Reached XP level 5. HP: 38/47 MP: 5/5
  1914 | D:3      | Found a blossoming altar of Fedhas.
  1914 | D:3      | Found an ancient bone altar of Kikubaaqudgha.
  2244 | D:4      | Noticed an ogre
  2352 | D:3      | Killed an ogre
  2353 | D:3      | Reached skill level 5 in Fighting
  2353 | D:3      | Reached XP level 6. HP: 56/56 MP: 6/6
  2698 | D:4      | Found a hide-covered altar of Uskayaw.
  2722 | D:4      | Found a staircase to the Ecumenical Temple.
  2798 | D:4      | Reached skill level 5 in Long Blades
  2897 | D:4      | Noticed Pikel
  2911 | D:4      | Killed Pikel
  2912 | D:4      | Reached skill level 6 in Fighting
  2912 | D:4      | Reached skill level 5 in Armour
  2912 | D:4      | Reached XP level 7. HP: 64/64 MP: 7/7
  2912 | D:4      | Reached XP level 8. HP: 71/71 MP: 8/8
  2912 | D:4      | Found an iron altar of Okawaru.
  2913 | D:4      | Found a hazy altar of Hepliaklqana.
  2976 | D:4      | Found a burning altar of Makhleb.
  3190 | D:5      | Entered Level 5 of the Dungeon
  3421 | D:5      | Noticed Edmund
  3435 | D:5      | Killed Edmund
  3664 | D:5      | Reached skill level 7 in Fighting
  3849 | D:5      | Noticed Sigmund
  3855 | D:5      | Killed Sigmund
  4004 | D:6      | Reached XP level 9. HP: 79/79 MP: 9/9
  4088 | D:6      | Identified the ring of Zusih {Wiz Drain rN++ Str+5}
  4142 | D:6      | Reached skill level 5 in Dodging
  4713 | D:6      | Reached skill level 8 in Fighting
  4831 | D:6      | Noticed a komodo dragon
  4847 | D:6      | Killed a komodo dragon
  5232 | D:6      | Noticed a troll
  5242 | D:6      | Killed a troll
  6381 | D:7      | Reached skill level 9 in Fighting
  6381 | D:7      | Reached XP level 10. HP: 81/91 MP: 10/10
  6973 | D:7      | Reached *** piety under Trog
  7136 | D:7      | Found a shimmering altar of Xom.
  7651 | D:8      | HP: 4/91 [orc warrior (16)]
  8705 | D:9      | Noticed a two-headed ogre
  8720 | D:9      | Killed a two-headed ogre
  8835 | D:9      | Reached skill level 10 in Fighting
  9808 | D:9      | Found a glowing golden altar of the Shining One.
 10051 | D:10     | Entered Level 10 of the Dungeon
 10087 | D:10     | Noticed a deep elf pyromancer
 10108 | D:10     | Killed a deep elf pyromancer
 10109 | D:10     | Reached XP level 11. HP: 100/101 MP: 11/11
 11230 | D:10     | Noticed a sun demon
 11233 | D:10     | Reached skill level 10 in Long Blades
 11333 | D:10     | Reached **** piety under Trog
 11600 | D:11     | HP: 4/101 [yak (6)]
 11607 | D:11     | Reached skill level 11 in Fighting
 11832 | D:11     | Found a staircase to the Lair.
 11844 | D:11     | Found a staircase to the Orcish Mines.
 12524 | D:11     | Reached skill level 10 in Armour
 12543 | D:11     | Noticed a two-headed ogre
 12548 | D:11     | Killed a two-headed ogre
 12993 | Lair:1   | Entered Level 1 of the Lair of Beasts
 13063 | Lair:1   | Slain by a yak

Illustrated notes

Levels and vault maps discovered:
D:1:      tarquinn_simple_flora_water_d, layout_loops_ring, minmay_cut_off
D:2:      layout_basic
D:3:      layout_loops_ring, grunt_temple_overflow_growth_and_decay
D:4:      layout_cave_pools, chequers_temple_overflow_statue_of_worship,
          minmay_temple_entry_purple_smoke, corexii_item_surrounded_by_moat,
          bh_walls_and_bars, uniq_pikel
D:5:      layout_basic, minivault_23, uniq_sigmund, uniq_edmund
D:6:      layout_basic, grunt_ministairs_12
D:7:      layout_loops_corners, kennysheep_mini
D:8:      layout_gridville, hangedman_decor_slide_cut
D:9:      layout_roguey, mainiacjoe_overflow_cross_hatched
D:10:     layout_gridville
D:11:     layout_roguey, due_lair_maze_entry_diamond, orc_0_dummy
D:12:     layout_irregular_city, gammafunk_ghost_cemetery
Lair:1:   layout_hall_layers, serial_bayou_shore_b, serial_bayou_shore_b,
          serial_bayou_shore_b, uniq_erica

Skill      XL: |  1  2  3  4  5  6  7  8  9 10 11 |
---------------+----------------------------------+-----
Fighting       | 4 5 6 7 9 10 11 | 11.3
Dodging        | 2 3 4 5 7 |  7.8
Long Blades    | 4 5 6 8 9 10 | 10.5
Armour         | 3 4 5 6 7 9 10 | 10.2

Action                   |  1- 3 |  4- 6 |  7- 9 | 10-12 || total
-------------------------+-------+-------+-------+-------++-------
Melee: Falchion          |   102 |   112 |   267 |   334 ||   815
       Long sword        |       |       |       |   211 ||   211
Throw: Throwing net      |       |       |       |     1 ||     1
Invok: Berserk           |     1 |     4 |     9 |    13 ||    27
       Trog's Hand       |       |     5 |       |     4 ||     9
       Brothers in Arms  |       |       |       |     1 ||     1
Evoke: Wand              |       |       |       |     1 ||     1
  Use: Scroll            |       |       |    13 |     4 ||    17
       Potion            |       |       |       |    16 ||    16
 Stab: Invisible         |       |       |       |     9 ||     9
       Paralysed         |       |       |       |     8 ||     8
Armor: Animal skin       |     2 |       |       |       ||     2
       Scale mail        |    50 |    70 |   193 |   166 ||   479
       Skin              |       |       |       |    24 ||    24
       Acid dragon scale |       |       |       |   119 ||   119
Dodge: Dodged            |    61 |    75 |   145 |   450 ||   731
       Rpst.: Falchion   |    16 |    25 |    37 |    63 ||   141
       Long sword        |       |       |       |    48 ||    48
